 Dungeon Crawl Stone Soup version 0.24.1-11-gbbbb2193e6 (webtiles) character file.

Game seed: 11571491769845577260, levelgen mode: deterministic

4389 Hugehornet the Transmogrifier (level 10, -3/58 HPs)
             Began as an Octopode Transmuter on May 15, 2020.
             Was a Follower of Cheibriados.
             Slain by Grum
             ... wielding a -2 antimagic spear
              (17 damage)
             ... on level 8 of the Dungeon.
             The game lasted 00:20:13 (9879 turns).

Hugehornet the Transmogrifier (Octopode Transmuter) Turns: 9879, Time: 00:20:14

Health: -3/58      AC:  8    Str: 12    XL:     10   Next: 35%
Magic:  0/19       EV: 14    Int: 22    God:    Cheibriados [*.....]
Gold:   262        SH:  0    Dex: 16    Spells: 6/21 levels left

rFire    + . .     SeeInvis .     - Unarmed
rCold    + + .     Gourm    .   (shield currently unavailable)
rNeg     . . .     Faith    .   (helmet restricted)
rPois    .         Spirit   .   l - amulet of rage
rElec    .         Reflect  .   f - +5 ring of protection
rCorr    .         Harm     .   j - +2 ring of protection
MR       .....     Clarity  +   (no ring)
Stlth    ++........             (no ring)
HPRegen  0.19/turn              (no ring)
MPRegen  0.16/turn              (no ring)
                                (no ring)
                                (no ring)

@: blade tentacles, very slow
A: almost no armour, stealthy swim, amphibious, 8 rings, constrict 8, tentacle
spike 1, camouflage 1, clarity, cold resistance 2, fire resistance 1, gelatinous
body 1
a: End Transformation, Bend Time, Renounce Religion, Evoke Berserk Rage


You were on level 8 of the Dungeon.
You worshipped Cheibriados.
Cheibriados was aware of your devotion.
You were near starving.
You had blades for tentacles.
You visited 2 branches of the dungeon, and saw 9 of its levels.

You collected 472 gold pieces.
You spent 210 gold pieces at shops.

Inventory:

Missiles
 a - 55 arrows
Jewellery
 f - a +5 ring of protection (left scythe-like blade)
 j - a +2 ring of protection (right scythe-like blade)
 l - an amulet of rage (around mantle)
Wands
 y - a wand of iceblast (8)
Scrolls
 e - 3 scrolls of enchant weapon
 i - a scroll of magic mapping {unknown}
 p - 2 scrolls of random uselessness {unknown}
 r - a scroll of teleportation
 s - 5 scrolls of remove curse
 t - a scroll of noise {unknown}
 u - a scroll of immolation {unknown}
 v - 4 scrolls of enchant armour
 x - a scroll of fog {unknown}
Potions
 b - 3 potions of lignification
 d - a potion of agility
 g - 4 potions of brilliance
 k - 2 potions of might
 o - a potion of berserk rage {unknown}
 q - a potion of heal wounds {unknown}
 w - 2 potions of cancellation
 z - 2 potions of resistance
 A - a potion of flight {unknown}
Comestibles
 c - 9 rations


   Skills:
 - Level 1.0 Fighting
 - Level 2.0 Dodging
 + Level 7.0 Unarmed Combat
 + Level 6.3 Spellcasting
 - Level 9.1 Transmutations
 - Level 6.0 Ice Magic
 - Level 3.0 Poison Magic
 + Level 3.5 Invocations


You had 6 spell levels left.
You knew the following spells:

 Your Spells              Type           Power        Failure   Level  Hunger
a - Beastly Appendage     Tmut           #####.       9%          1    None
b - Sticks to Snakes      Tmut           #####...     10%         2    None
c - Spider Form           Tmut/Pois      ####......   22%         3    #......
d - Ice Form              Ice/Tmut       #####...     30%         4    ###....
e - Blade Hands           Tmut           #####.....   36%         5    #####..

Your spell library contained the following spells:

 Spells                   Type           Power        Failure   Level  Hunger


Dungeon Overview and Level Annotations

Branches:
Dungeon (8/15)             Temple (1/1) D:4
   Lair: D:8-11

Altars:
Ashenzari
Cheibriados
Dithmenos
Elyvilon
Fedhas
Gozag
Hepliaklqana
Kikubaaqudgha
Makhleb
Okawaru
Qazlal
Ru
Sif Muna
Uskayaw
Vehumet
Wu Jian
Xom
Yredelemnul
Zin
The Shining One

Shops:
D:6 *[

Annotations:
D:8 Grum


Innate Abilities, Weirdness & Mutations

You cannot wear most types of armour.
You are very stealthy in the water. (Stealth+)
You are amphibious.
You can wear up to eight rings at the same time.
You can use your tentacles to constrict eight enemies at once.
Your skin changes colour to match your surroundings (Stealth+).
Your rubbery body absorbs attacks. (AC +1, EV +1)
One of your tentacles bears a spike.
You possess an exceptional clarity of mind.
Your flesh is very cold resistant. (rC++)
Your flesh is heat resistant. (rF+)


Message History

The magic dart hits you but does no damage.
The wolf barely misses you. The centaur hits you! Psyche completely misses you.
The wolf bites you but does no damage. The centaur closely misses you.
You slice Psyche!!
You kill Psyche!
Cheibriados thoroughly appreciates the change of pace.
Training target 9.0 for Transmutations reached!
Your Unarmed Combat skill increases to level 7!
Your Transmutations skill increases to level 9!
Grum completely misses you. The wolf bites you. The centaur misses you.
The wolf misses you.
Grum hits you from afar with a -2 antimagic spear!
You feel your power leaking away. The wolf bites you.
* * * LOW HITPOINT WARNING * * *
The wolf bites you.
* * * LOW HITPOINT WARNING * * *
The centaur barely misses you.
Grum hits you from afar with a -2 antimagic spear!
You die...

#.#.#..##.#
#.# ##..#
#.#.#..##.#
#.###...#
#.........#
#.##..÷..
###..#.####
#.##.#.##
#.§#.# #.
###.
#).#.## ..
#).g..###
...
#chh....#
##..
##@...#.#
#..
#.#.##.#
###
#.#.##a#
#.#.##g.
..#...h@.
#.###..###
..# #..#
.## #..#
....


You could see Grum, 2 wolves and a centaur.

Vanquished Creatures
  Joseph (D:8)
  Psyche (D:8)
  A komodo dragon (D:7)
  2 hippogriffs (D:7)
  A yak (D:7)
  Eustachio (D:4)
  An orc warrior (D:8)
  Duvessa (D:6)
  2 sky beasts
  A necrophage (D:6)
  An ice beast (D:5)
  A phantom (D:7)
  5 ogres
  4 wolves (D:8)
  Blork the orc (D:5)
  3 bullfrogs (D:7)
  A scorpion (D:6)
  Dowan (D:6)
  4 howler monkeys (D:7)
  2 crimson imps (D:5)
  A jelly (D:5)
  A bullfrog skeleton (D:7)
  3 hounds
  3 orc priests
  6 orc wizards
  Terence (D:2)
  2 iguanas
  4 worker ants
  A hound skeleton (D:7)
  Robin (D:2)
  9 adders
  7 gnolls
  3 shadow imps
  An ooze (D:5)
  2 adder skeletons
  4 worms
  4 leopard geckos
  30 orcs
  6 bats
  5 giant cockroaches
  15 goblins
  7 hobgoblins
  14 jackals
  14 kobolds
  2 quokkas
  7 frilled lizards
  2 rats
190 creatures vanquished.

Vanquished Creatures (collateral kills)
  A jelly (D:5)
  An orc (D:7)
2 creatures vanquished.

Grand Total: 192 creatures vanquished

Notes
Turn   | Place    | Note
-------+----------+-------------------------------------------
     0 | D:1      | Hugehornet the Octopode Transmuter began the quest for the
                  | Orb.
     0 | D:1      | Reached XP level 1. HP: 13/13 MP: 3/3
   126 | D:1      | Reached XP level 2. HP: 6/18 MP: 3/5
   990 | D:2      | Reached skill level 3 in Transmutations
   990 | D:2      | Reached XP level 3. HP: 14/23 MP: 6/6
   994 | D:2      | Learned a level 2 spell: Sticks to Snakes
   998 | D:2      | Learned a level 3 spell: Spider Form
  1250 | D:2      | Noticed Robin
  1325 | D:2      | Killed Robin
  1325 | D:2      | Reached skill level 1 in Poison Magic
  1591 | D:2      | Reached XP level 4. HP: 21/28 MP: 5/8
  1672 | D:2      | Found a shimmering blue altar of Sif Muna.
  1678 | D:2      | Found a radiant altar of Vehumet.
  2161 | D:2      | Noticed Terence
  2168 | D:2      | Killed Terence
  2312 | D:2      | Reached XP level 5. HP: 29/33 MP: 7/9
  2454 | D:3      | Learned a level 4 spell: Ice Form
  2586 | D:3      | Reached skill level 1 in Ice Magic
  2607 | D:3      | Reached XP level 6. HP: 11/38 MP: 7/10
  3322 | D:3      | Found a blossoming altar of Fedhas.
  3751 | D:4      | Reached skill level 4 in Transmutations
  3767 | D:4      | Noticed Eustachio
  3779 | D:4      | Killed Eustachio
  3779 | D:4      | Reached XP level 7. HP: 41/43 MP: 9/12
  3816 | D:4      | Found a staircase to the Ecumenical Temple.
  3827 | Temple   | Entered the Ecumenical Temple
  4071 | D:4      | Found a hazy altar of Hepliaklqana.
  4525 | D:4      | Reached skill level 5 in Transmutations
  4783 | D:4      | Found an ornate altar of the Wu Jian Council.
  4897 | D:5      | Entered Level 5 of the Dungeon
  4918 | D:5      | Reached XP level 8. HP: 48/48 MP: 12/14
  4926 | D:5      | Learned a level 5 spell: Blade Hands
  5169 | D:5      | Found a sacrificial altar of Ru.
  5554 | D:5      | Noticed Blork the orc
  5565 | D:5      | Killed Blork the orc
  5786 | D:5      | Reached skill level 5 in Unarmed Combat
  5791 | D:5      | Reached skill level 6 in Transmutations
  5803 | D:5      | Reached skill level 5 in Ice Magic
  6323 | D:6      | Gained mutation: Scrolls take you a little longer to read.
                  | [potion of mutation]
  6323 | D:6      | Gained mutation: Your flesh is heat resistant. (rF+)
                  | [potion of mutation]
  6323 | D:6      | Gained mutation: You possess an exceptional clarity of
                  | mind. [potion of mutation]
  6325 | D:6      | Lost mutation: Scrolls take you a little longer to read.
                  | [potion of mutation]
  6325 | D:6      | Lost mutation: You possess an exceptional clarity of mind.
                  | [potion of mutation]
  6325 | D:6      | Gained mutation: You possess an exceptional clarity of
                  | mind. [potion of mutation]
  6325 | D:6      | Gained mutation: Your flesh is cold resistant. (rC+)
                  | [potion of mutation]
  6325 | D:6      | Gained mutation: One of your tentacles bears a spike.
                  | [potion of mutation]
  6325 | D:6      | Gained mutation: Your flesh is very cold resistant. (rC++)
                  | [potion of mutation]
  6347 | D:6      | Noticed Duvessa
  6348 | D:6      | Noticed Dowan
  6360 | D:6      | Killed Duvessa
  6391 | D:6      | Killed Dowan
  6634 | D:6      | Found Hiyh's Assorted Antiques.
  6645 | D:6      | Reached XP level 9. HP: 16/53 MP: 13/16
  7163 | D:6      | Reached skill level 5 in Spellcasting
  7420 | D:6      | Found Adouq's Armour Shoppe.
  7477 | D:6      | Bought a scroll labeled PAMAGIAKUC for 30 gold pieces
  7477 | D:6      | Bought a potion of curing for 90 gold pieces
  7477 | D:6      | Bought a scroll of identify for 60 gold pieces
  7477 | D:6      | Bought a scroll labeled JASIUQU OQUSH for 30 gold pieces
  7792 | D:6      | Found an iron altar of Okawaru.
  7802 | D:6      | Found a snail-covered altar of Cheibriados.
  7805 | D:6      | Became a worshipper of Cheibriados the Contemplative
  7966 | D:7      | Reached skill level 7 in Transmutations
  8108 | D:7      | Reached skill level 1 in Invocations
  8181 | D:7      | Found a shadowy altar of Dithmenos.
  8280 | D:7      | Noticed a komodo dragon
  8429 | D:7      | Killed a komodo dragon
  8471 | D:7      | Reached * piety under Cheibriados
  8828 | D:7      | Found a shattered altar of Ashenzari.
  8830 | D:7      | Found a hide-covered altar of Uskayaw.
  8898 | D:7      | Reached skill level 8 in Transmutations
  9086 | D:8      | Reached XP level 10. HP: 52/58 MP: 15/18
  9248 | D:8      | Noticed Joseph
  9258 | D:8      | Noticed Psyche
  9355 | D:8      | Killed Joseph
  9626 | D:8      | Noticed Grum
  9878 | D:8      | Killed Psyche
  9878 | D:8      | Reached skill level 9 in Transmutations
  9879 | D:8      | Slain by Grum

Levels and vault maps discovered:
D:1:      kilobyte_arrival_exit_the_forest, layout_basic
D:2:      layout_loops_cross, chequers_temple_overflow_statue_of_worship,
          first_ration, uniq_robin, uniq_terence
D:3:      layout_loops_cross, old_standard_altar, grunt_ministairs_11
D:4:      layout_basic, kennysheep_mini_moat, nicolae_overflow_crystal_walls,
          minmay_temple_entry_glass, uniq_eustachio
D:5:      layout_basic, lemuel_doored_altar, uniq_blork_the_orc
D:6:      layout_loops_ring, minitemple, serial_shops, shop,
          nicolae_shop_waterfront, uniq_duvessa
D:7:      cheibrodos_barr_body, layout_cave_pools, grunt_temple_overflow_open
D:8:      layout_loops_ring, old_standard_altar, serial_ice, serial_ice_c,
          serial_ice_f, serial_ice_l, serial_ice_b, uniq_grum, uniq_psyche,
          uniq_joseph
Temple:   dpeg_three_leaves_temple

Skill      XL: |  1  2  3  4  5  6  7  8  9 10 |
---------------+-------------------------------+-----
Transmutations | 3 4 5 6 8 9 |  9.1
Poison Magic   | 1 2 3 |  3.0
Spellcasting   | 3 4 5 6 |  6.3
Ice Magic      | 1 3 4 5 6 |  6.0
Unarmed Combat | 4 5 6 7 |  7.0
Invocations    | 3 |  3.5
Fighting       | |  1.0
Dodging        | |  2.0

Action                   |  1- 3 |  4- 6 |  7- 9 | 10-12 || total
-------------------------+-------+-------+-------+-------++-------
Melee: Unarmed           |    75 |   152 |   332 |    53 ||   612
       Constrict         |    19 |    27 |    25 |     2 ||    73
       Tentacles         |     8 |    10 |    22 |     4 ||    44
       Kick              |    10 |    16 |    32 |     8 ||    66
       Punch             |     1 |     1 |     5 |       ||     7
 Cast: Beastly Appendage |    15 |    25 |    20 |       ||    60
       Spider Form       |     1 |     9 |    22 |     3 ||    35
       Sticks to Snakes  |       |       |     9 |       ||     9
       Ice Form          |       |       |     3 |     1 ||     4
       Blade Hands       |       |       |       |     3 ||     3
 Abil: End Transformatio |       |     2 |    13 |     3 ||    18
  Use: Scroll            |     4 |     2 |     8 |     2 ||    16
       Potion            |       |     1 |     6 |     3 ||    10
 Stab: Sleeping          |     1 |     3 |     4 |     1 ||     9
  Eat: Chunk             |     2 |     8 |    11 |     1 ||    22
       Ration            |       |       |     2 |       ||     2
Armor: Skin              |    26 |    35 |    54 |    24 ||   139
Dodge: Dodged            |    63 |   106 |   239 |    69 ||   477
